AoeStats
← SunshinePuma83

Black Forest

510122557Analyzed
2v2 RM · 3d ago on Sep 29, 2026· 84m 47s· 4 players
Game mode
Random Map
Map size
Medium (4 player)
Population
200
Speed
Normal
Resources
Standard
Victory
Conquest
Starting age
Dark Age
Ending age
Imperial Age
RankedLock teamsTeams togetherTeam positionsShared explorationLock speedFull tech treeHidden civsTurbo modeCheats
Victory
Defeat
🇹🇷 Persians · Türkiye
377
+20
🇦🇷 Wu · Argentina
367
+20
🇰🇿 Byzantines · Kazakhstan
474
-20
🇷🇺 Britons · Russia
457
-20
SunshinePuma83
8:49 Feudal Age
9:15 Double-Bit Axe
9:14 Horse Collar
11:23 Wheelbarrow
21:03 Castle Age
19:21 Stone Mining
19:56 Gold Mining
22:02 Bow Saw
22:08 Heavy Plow
23:53 Hand Cart
26:49 Gold Shaft Mining
31:50 Stone Shaft Mining
34:38 Imperial Age
32:40 Kamandaran
33:36 Fletching
33:53 Scale Barding Armor
33:59 Forging
35:34 Crop Rotation
36:43 Two-Man Saw
36:40 Bodkin Arrow
37:21 Iron Casting
38:14 Chain Barding Armor
37:55 Crossbowman
39:10 Thumb Ring
40:42 Blast Furnace
42:08 Conscription
41:40 Elite War Elephant
44:39 Plate Barding Armor
67:01 Onager
68:32 Light Cavalry
69:23 Bloodlines
71:31 Hussar
Pilchu
0:30 Loom
12:31 Feudal Age
16:59 Double-Bit Axe
28:53 Castle Age
27:10 Stone Mining
27:53 Gold Mining
29:45 Forging
29:20 Horse Collar
32:29 Scale Mail Armor
33:25 Bow Saw
33:21 Padded Archer Armor
33:36 Husbandry
39:44 Imperial Age
37:43 Scale Barding Armor
38:23 Heavy Plow
39:14 Heated Shot
41:04 Fletching
42:55 Elite Fire Archer
44:15 Arson
46:08 Chemistry
45:11 Bodkin Arrow
47:41 Leather Archer Armor
50:36 Iron Casting
50:54 Bracer
52:35 Chain Mail Armor
52:38 Crossbowman
54:09 Plate Mail Armor
56:00 Blast Furnace
58:20 Red Cliffs Tactics
58:53 Heavy Hei Guang Cavalry
62:34 Chain Barding Armor
62:49 Sitting Tiger
63:50 Coinage
Civarly
12:04 Feudal Age
12:34 Double-Bit Axe
14:11 Wheelbarrow
14:41 Horse Collar
19:43 Man-at-Arms
22:39 Castle Age
22:09 Stone Mining
22:10 Gold Mining
22:17 Gold Mining
23:41 Hand Cart
23:54 Caravan
24:22 Bow Saw
24:15 Heavy Plow
27:14 Caravan
32:51 Stone Shaft Mining
32:51 Gold Shaft Mining
33:35 Ballistics
32:57 Treadmill Crane
34:10 Gambesons
34:25 Squires
34:11 Arson
34:40 Padded Archer Armor
34:32 Fletching
34:48 Scale Mail Armor
34:58 Forging
34:54 Scale Barding Armor
38:24 Imperial Age
37:57 Leather Archer Armor
37:38 Bodkin Arrow
40:55 Capped Ram
48:39 Chemistry
47:25 Arrowslits
47:46 Siphons
47:42 Murder Holes
48:01 Fortified Wall
47:42 Guard Tower
48:02 Clinker Construction
48:02 Elite Cataphract
53:32 Logistica
54:37 Onager
54:43 Siege Ram
57:04 Elite Skirmisher
69:14 Pikeman
78:33 Elite Varangian Guard
Chaso-Parametrik
0:41 Loom
14:08 Feudal Age
15:25 Wheelbarrow
14:40 Horse Collar
15:18 Double-Bit Axe
20:37 Scale Barding Armor
20:32 Scale Mail Armor
20:33 Padded Archer Armor
20:23 Fletching
20:43 Forging
20:30 Stone Mining
21:10 Gold Mining
24:23 Castle Age
25:40 Hand Cart
25:29 Heavy Plow
26:01 Bow Saw
27:32 Gold Shaft Mining
26:25 Man-at-Arms
26:51 Gambesons
27:07 Squires
30:10 Town Watch
29:47 Long Swordsman
34:56 Bodkin Arrow
35:16 Leather Archer Armor
37:41 Imperial Age
35:49 Fortified Wall
35:50 Masonry
35:36 Murder Holes
38:26 Crossbowman
39:29 Conscription
39:35 Elite Longbowman
40:55 Warwolf
41:18 Yeomen
41:18 Caravan
41:48 Coinage
41:28 Guilds
42:04 Capped Ram
42:08 Cavalier
42:09 Light Cavalry
42:54 Husbandry
46:00 Architecture
50:54 Heavy Scorpion
53:58 Guard Tower
54:28 Ballistics
55:09 Chemistry
54:04 Arrowslits
54:26 Siege Engineers
54:02 Treadmill Crane
55:01 Iron Casting
54:27 Bracer
54:57 Ring Archer Armor
54:42 Chain Mail Armor
54:47 Chain Barding Armor
53:56 Two-Handed Swordsman
53:57 Pikeman
54:22 Arson
54:46 Warwolf
58:09 Hoardings
57:04 Sappers
57:35 Champion
65:45 Banking
Connection lost

Rejoining the realm…

Still unreachable

The connection could not be restored.

Session expired

The server has moved on; the page needs a fresh start.